Map: Catalyst LE

Players

Gemini

  • Race: Protoss Protoss
  • League: Master
  • Spawn Location: 11:00

A.I. 1 (Very Easy) - Winner!

  • Race: Zerg Zerg
  • Spawn Location: 5:00

VOD

Have the link to the VOD?

Description

Time

  • Played on: Feb. 20, 2018, 5:04 p.m.
  • Length: 7:40
Show
View Real Time Build Order
Export as new Build Order

Gemini Protoss 

Build Orders: 1 Gate Expand, Oracle Opening, Phoenix Opening 

Get SALT Encoding   

  12  0:00  Probe  
  13  0:13  Probe  
  14  0:19  Pylon  
  14  0:25  Probe (Chrono Boost)  
  15  0:39  Gateway, Probe (Chrono Boost)  
  16  0:44  Probe (Chrono Boost)  
  16  0:47  Assimilator  
  17  0:54  Probe  
  18  1:06  Probe  
  19  1:18  Probe  
  20  1:25  Nexus  
  20  1:35  Cybernetics Core  
  20  1:37  Probe  
  21  1:44  Assimilator  
  21  1:49  Probe  
  22  1:56  Pylon  
  22  2:01  Probe  
  23  2:11  Warp Gate  
  23  2:12  Adept (Chrono Boost)  
  23  2:13  Probe  
  26  2:26  Probe  
  27  2:31  Stargate  
  27  2:35  Adept  
  29  2:39  Probe (Chrono Boost)  
  29  2:43  Probe (Chrono Boost)  
  31  2:49  Probe (Chrono Boost)  
  33  2:52  Probe (Chrono Boost)  
  33  2:54  Probe (Chrono Boost)  
  34  3:02  Probe  
  35  3:06  Probe  
  35  3:12  Oracle (Chrono Boost)  
  36  3:14  Probe  
  36  3:16  Pylon  
  36  3:18  Probe  
  41  3:22  Gateway  
  41  3:26  Probe  
  42  3:30  Probe  
  42  3:31  Assimilator  
  43  3:34  Assimilator  
  43  3:35  Pylon  
  43  3:38  Probe  
  32  3:41  Phoenix (Chrono Boost)  
  44  3:42  Probe  
  47  3:50  Probe  
  47  3:52  Pylon  
  47  3:54  Probe  
  49  3:57  Oracle (Chrono Boost)  
  53  4:02  Probe  
  53  4:06  Probe  
  54  4:14  Probe  
  55  4:18  Probe  
  55  4:19  Adept x2  
  60  4:27  Pylon, Probe, Oracle  
  60  4:30  Probe  
  65  4:39  Probe  
  65  4:42  Probe  
  67  4:46  Sentry x2  
  67  4:48  Nexus  
  67  4:51  Pylon, Probe  
  72  5:02  Robotics Facility  
  72  5:05  Robotics Facility  
  72  5:11  Oracle  
  72  5:12  Probe x2  
  77  5:24  Probe x2  
  77  5:26  Sentry  
  81  5:30  Pylon  
  81  5:31  Pylon  
  81  5:36  Probe x2  
  83  5:43  Gateway  
  83  5:46  Gateway  
  83  5:48  Gateway  
  83  5:49  Gateway  
  83  5:53  Immortal (Chrono Boost)  
  87  6:01  Immortal (Chrono Boost)  
  91  6:06  Probe x2  
  96  6:18  Twilight Council  
  96  6:19  Forge  
  96  6:20  Probe x2 (Chrono Boost)  
  100  6:28  Probe (Chrono Boost)  
  100  6:29  Immortal (Chrono Boost)  
  100  6:30  Immortal (Chrono Boost)  
  106  6:35  Probe x2 (Chrono Boost)  
  106  6:39  Pylon  
  106  6:40  Pylon, Probe (Chrono Boost)  
  106  6:42  Probe  
  106  6:46  Sentry x2  
  112  6:50  Assimilator  
  112  6:52  Assimilator  
  112  6:54  Probe x3  
  114  6:58  Templar Archives  
  114  7:01  Immortal (Chrono Boost)  
  115  7:07  Immortal (Chrono Boost)  
  123  7:17  Pylon, Probe x3  
  123  7:18  Pylon  
  126  7:25  Zealot x3  
  132  7:31  Pylon  
  132  7:36  Pylon  
Show
View Real Time Build Order
Export as new Build Order

A.I. 1 (Very Easy) Zerg - Winner!

Build Orders: Hatch First 

Get SALT Encoding   

  12  0:01  Drone  
  13  0:12  Overlord  
  13  0:17  Drone  
  14  0:44  Hatchery  
  14  0:46  Drone  
  14  1:04  Spawning Pool  
  14  1:06  Extractor  
  14  1:09  Drone  
  13  1:16  Drone  
  14  1:22  Overlord  
  14  1:51  Queen  
  14  1:52  Zergling x2  
  17  1:55  Zergling x2  
  18  2:05  Roach Warren  
  18  2:08  Drone  
  18  2:10  Extractor  
  18  2:15  Drone  
  18  2:19  Zergling x2  
  19  2:24  Drone  
  20  2:32  Drone  
  21  2:39  Drone  
  22  2:46  Drone  
  23  2:53  Drone  
  23  3:00  Drone  
  23  3:03  Lair  
  24  3:30  Drone  
  25  3:37  Zergling x2  
  25  3:38  Drone  
  27  3:45  Drone  
  28  3:49  Overlord  
  28  3:53  Drone  
  29  4:00  Drone  
  30  4:03  Spire  
  30  4:07  Drone  
  30  4:13  Overseer  
  30  4:14  Drone  
  31  4:19  Overseer  
  31  4:21  Drone  
  32  4:28  Drone  
  32  4:30  Overlord  
  33  4:36  Drone  
  34  4:43  Drone  
  35  4:50  Drone  
  36  4:57  Drone  
  36  4:58  Extractor  
  36  5:04  Drone  
  37  5:08  Extractor  
  37  5:11  Drone  
  36  5:15  Mutalisk  
  36  5:19  Drone  
  35  5:26  Drone  
  36  5:33  Drone  
  37  5:40  Drone  
  38  5:47  Drone  
  39  5:54  Drone  
  40  5:57  Mutalisk  
  40  6:02  Drone  
  43  6:09  Drone  
  44  6:16  Drone  
  44  6:17  Overlord  
  45  6:23  Drone  
  46  6:30  Drone  
  47  6:37  Drone  
  48  6:44  Drone  
Tags
 
Add a new tag
Caveats
  • Supply blocks, unpowered buildings, or Contaminate may cause inaccurate times.
  • Supply counts are checked every 10 seconds.